 Dungeon Crawl Stone Soup version 0.31-a0-108-gdf935468f2 (console) character file.

Game seed: 7694372483941297260

2373 jejorda2 the Carver (level 9, -2/112 HPs)
             Began as a Black Draconian Berserker on May 27, 2023.
             Was an Elder of Trog.
             Succumbed to Duvessa's poison
             ... on level 6 of the Dungeon.
             The game lasted 00:10:13 (6146 turns).

jejorda2 the Carver (Black Draconian Berserker)     Turns: 6146, Time: 00:10:13

Health: -2/112     AC: 10    Str: 19    XL:     9   Next: 21%
Magic:  9/9        EV: 14    Int:  8    God:    Trog [****..]
Gold:   356        SH:  0    Dex: 15    Spells: 8/8 levels left

rFire   . . .        a - +0 long sword
rCold   + . .        (no shield)
rNeg    . . .        (body armour unavailable)
rPois   .            (helmet restricted)
rElec   +            b - +0 cloak
rCorr   .            (no gloves)
SInv    .            x - +1 pair of boots
Will    .....        g - amulet of faith Stlth
                     d - ring of protection from cold
HPRegen 0.38/turn    (no ring)
MPRegen 0.11/turn

%: faith
@: berserking, lethally poisoned (-2 -> -28), short of breath, very quick
A: breathe lightning, AC +7, unfitting armour, electricity resistance,
cold-blooded
a: Breathe Lightning, Renounce Religion, Berserk, Trog's Hand, Brothers in Arms


You were on level 6 of the Dungeon.
You worshipped Trog.
Trog was greatly pleased with you.
You visited 2 branches of the dungeon, and saw 7 of its levels.

You collected 356 gold pieces.

Inventory:

Hand Weapons
 a - a +0 long sword (weapon)
 e - a +1 dagger of venom
 C - a +1 antimagic dagger
Missiles
 f - 56 stones (quivered)
 q - 6 poisoned darts
 u - 3 javelins
Armour
 b - a +0 cloak (worn)
 x - a +1 pair of boots (worn)
Jewellery
 d - a ring of protection from cold (left hand)
 g - an amulet of faith (around neck)
Wands
 j - a wand of paralysis (3)
 r - a wand of light (3)
 z - a wand of flame (23)
 A - a wand of polymorph (2)
Scrolls
 c - a scroll of poison
 k - a scroll of blinking
 m - 3 scrolls of teleportation
 s - a scroll of torment {unknown}
 t - a scroll of magic mapping {unknown}
 y - a scroll of butterflies {unknown}
Potions
 h - a potion of berserk rage {unknown}
 i - 6 potions of curing
 l - a potion of cancellation {unknown}
 n - 2 potions of might
 o - a potion of ambrosia {unknown}
 w - a potion of heal wounds {unknown}
 B - a potion of enlightenment {unknown}


   Skills:
 - Level 6.0 Fighting
 * Level 10.0 Long Blades
 + Level 3.9 Throwing
 + Level 5.0 Dodging


You had 8 spell levels left.
You didn't know any spells.
Your spell library was empty.

Dungeon Overview and Level Annotations

Branches:
Dungeon (6/15)             Temple (1/1) D:6

Altars:
Ashenzari
Cheibriados
Dithmenos
Elyvilon
Gozag
Nemelex Xobeh
Okawaru
Ru
Sif Muna
Trog
Vehumet
Zin


Innate Abilities, Weirdness & Mutations

You can breathe wild blasts of lightning.
Your glossy black scales are hard. (AC +7)
You cannot fit into any form of body armour.
You are resistant to electric shocks. (rElec)
You are cold-blooded and may be slowed by cold attacks.


Message History

You feel very sick.
Duvessa hits you with a +2 rapier of venom!
You are more poisoned.
You hit Duvessa. You tail-slap Duvessa.
Duvessa is severely wounded.
You feel very sick.
Duvessa hits you with a +2 rapier of venom.
You are more poisoned.
Duvessa hits you with a +2 rapier of venom.
You closely miss Duvessa.
Your tail-slap misses Duvessa.
Duvessa is severely wounded.
You feel very sick.
Duvessa hits you with a +2 rapier of venom!
You are lethally poisoned!
A red film seems to cover your vision as you go berserk!
You feel yourself moving faster!
You feel mighty!
* * * LOW HITPOINT WARNING * * *
You feel extremely sick. Duvessa closely misses you.
Duvessa hits you with a +2 rapier of venom!
* * * LOW HITPOINT WARNING * * *
You are more poisoned.
You slash Duvessa! You tail-slap Duvessa.
Duvessa is almost dead.
* * * LOW HITPOINT WARNING * * *
You feel very sick.
You slash Duvessa!
You kill Duvessa!
Trog accepts your kill.
* * * LOW HITPOINT WARNING * * *
You feel very sick.
Your Long Blades skill increases to level 10!
Your Dodging skill increases to level 5!
* * * LOW HITPOINT WARNING * * *
You feel very sick.
There is an open door, spattered with blood here.
Items here: ) [.
You are too berserk!
You feel a strong urge to attack something.
You die...

#### #.# ...#
.###############.#
##.#
..........)[.>##.#
######.#####.##.#
#⌠8⌠#.####...#.#
+...#..........#
#...#.####...###
+..)#.## ##.##
#.@.#..# #.#
..#####)##..####.#
.$...............#
.####.###...######
##.#####.#
.........#
##########


There were no monsters in sight!

Vanquished Creatures
  Sigmund (D:3)
  3 yaks (D:6)
  Edmund (D:5)
  Duvessa (D:6)
  A sky beast (D:6)
  2 ice beasts (D:6)
  A black bear (D:5)
  Blork the orc (D:5)
  3 scorpions
  3 wights (D:6)
  Dowan (D:6)
  2 howler monkeys
  A hound (D:6)
  5 orc priests
  2 iguanas
  A jelly (D:6)
  A sleepcap (D:5)
  3 orc wizards
  11 adders
  A shadow imp (D:5)
  2 white imps (D:5)
  2 ufetubi
  10 worms
  5 dart slugs
  19 orcs
  7 endoplasms
  4 giant cockroaches
  2 goblins
  5 hobgoblins
  9 jackals
  5 quokkas
  5 ball pythons
  4 bats
  2 frilled lizards
  10 kobolds
  7 rats
143 creatures vanquished.

Notes
Turn   | Place    | Note
-------+----------+-------------------------------------------
     0 | D:1      | jejorda2 the Draconian Berserker began the quest for the
                  | Orb.
     0 | D:1      | Reached XP level 1. HP: 19/19 MP: 1/1
   302 | D:1      | Reached XP level 2. HP: 20/26 MP: 2/2
   938 | D:2      | Reached XP level 3. HP: 23/33 MP: 3/3
  1135 | D:2      | Reached skill level 4 in Long Blades
  1176 | D:2      | Reached ** piety under Trog
  1183 | D:2      | Found a glowing silver altar of Zin.
  1581 | D:2      | You fall into a shaft and drop 2 floors!
  1604 | D:4      | Reached XP level 4. HP: 41/41 MP: 4/4
  1788 | D:4      | Reached XP level 5. HP: 47/47 MP: 5/5
  1794 | D:4      | Reached skill level 5 in Long Blades
  2244 | D:3      | Reached *** piety under Trog
  2275 | D:3      | Noticed Sigmund
  2296 | D:3      | Killed Sigmund
  2297 | D:3      | Reached skill level 5 in Fighting
  2297 | D:3      | Reached skill level 6 in Long Blades
  2297 | D:3      | Reached XP level 6. HP: 56/56 MP: 6/6
  2950 | D:3      | Identified the +0 dagger of Indomitability {drain, Will+
                  | rCorr}
  3171 | D:3      | Found a shimmering blue altar of Sif Muna.
  3592 | D:4      | Your scales start taking on a glossy black colour.
  3592 | D:4      | Reached XP level 7. HP: 43/62 MP: 7/7
  3592 | D:4      | Gained mutation: You are resistant to electric shocks.
                  | (rElec) [Black Draconian growth]
  3838 | D:4      | Found a faded altar of an unknown god.
  3838 | D:4      | Found an iron altar of Okawaru.
  3845 | D:4      | Found a snail-covered altar of Cheibriados.
  3847 | D:4      | Found a shadowy altar of Dithmenos.
  3849 | D:4      | Found a faded altar of an unknown god.
  4065 | D:5      | Entered Level 5 of the Dungeon
  4088 | D:5      | Found a white marble altar of Elyvilon.
  4105 | D:5      | Reached skill level 7 in Long Blades
  4341 | D:5      | Noticed Blork the orc
  4356 | D:5      | Killed Blork the orc
  4356 | D:5      | Reached **** piety under Trog
  4610 | D:5      | Reached skill level 1 in Throwing
  4632 | D:5      | Reached skill level 8 in Long Blades
  4777 | D:5      | Noticed Edmund
  4789 | D:5      | Killed Edmund
  4790 | D:5      | Reached XP level 8. HP: 70/70 MP: 8/8
  5397 | D:6      | Found a staircase to the Ecumenical Temple.
  5433 | Temple   | Entered the Ecumenical Temple
  5581 | D:6      | Reached skill level 9 in Long Blades
  5738 | D:6      | Reached XP level 9. HP: 60/75 MP: 9/9
  6135 | D:6      | Noticed Duvessa
  6136 | D:6      | Noticed Dowan
  6137 | D:6      | Killed Dowan
  6144 | D:6      | Killed Duvessa
  6145 | D:6      | Reached skill level 10 in Long Blades
  6145 | D:6      | Reached skill level 5 in Dodging
  6145 | D:6      | HP: 2/112 [poisoned by Duvessa]
  6146 | D:6      | Succumbed to Duvessa's poison

Illustrated notes

Levels and vault maps discovered:
D:1:      matt_arrival_grand_opening, layout_basic, kennysheep_decorative_pillar
D:2:      layout_loops_ring, basic_altar, moated_statue
D:3:      layout_basic, general_overflow_altar, minmay_vboxes, uniq_sigmund
D:4:      layout_layer_cave, chequers_temple_overflow_minitemple,
          nicolae_wormholes
D:5:      layout_loops_ring, elyvilon_altar_4, minivault_25, uniq_blork_the_orc,
          uniq_edmund
D:6:      dreamdust_elfheim, layout_loops_ring, temple_hall, minivault_25
Temple:   hellmonk_temple_two_chambers

Skill      XL: |  1  2  3  4  5  6  7  8  9 |
---------------+----------------------------+-----
Long Blades    | 4 6 8 9 10 | 10.0
Fighting       | 4 5 6 |  6.0
Throwing       | 1 3 |  3.9
Dodging        | 3 4 5 |  5.0

Action                     |  1- 3 |  4- 6 |  7- 9 || total
---------------------------+-------+-------+-------++-------
  Melee: Falchion          |   126 |   213 |   178 ||   517
         Tailslap          |    22 |    38 |    39 ||    99
         Punch             |     2 |     3 |     3 ||     8
         Long sword        |       |       |    66 ||    66
  Throw: Stone             |     1 |       |     6 ||     7
 Invoke: Berserk           |     2 |     2 |     5 ||     9
         Trog's Hand       |     1 |     1 |     2 ||     4
Ability: Breathe Lightning |       |       |     4 ||     4
    Use: Scroll            |       |       |     8 ||     8
 Armour: Skin              |    55 |    47 |    64 ||   166
  Dodge: Dodged            |    92 |   102 |   109 ||   303

Table legend: (Time is in decaauts)
 A = Elapsed time spent in this place.
 B = Non-inter-level travel time spent in this place.
 C = Inter-level travel time spent in this place.
 D = Time resting spent in this place.
 E = Time spent auto-exploring this place.
 F = Levels seen in this place.
 G = Mean time per level.
                   A        B        C        D        E       F      G
               +--------+--------+--------+--------+--------+-----+--------+
         Total |   6197 |   6069 |    128 |    423 |   4505 |   7 |  885.3 |
       Dungeon |   6062 |   5934 |    128 |    290 |   4505 |   6 | 1010.3 |
        Temple |    135 |    135 |      0 |    133 |      0 |   1 |  135.0 |
               +--------+--------+--------+--------+--------+-----+--------+

Top non-repeatable levels by time:
     D:4: 1319 daAuts
     D:5: 1307 daAuts
     D:3: 990 daAuts
     D:2: 918 daAuts
     D:1: 885 daAuts
     D:6: 640 daAuts
  Temple: 135 daAuts
